 Dungeon Crawl Stone Soup version 0.28-a0-863-g8cecda6153 (webtiles) character file.

Game seed: 8326098793668148516

2903 benitares the Geomancer (level 9, -5/45 HPs)
             Began as a Gargoyle Earth Elementalist on Nov 20, 2021.
             Slain by Harold (27 damage)
             ... on level 7 of the Dungeon.
             The game lasted 00:18:40 (9580 turns).

benitares the Geomancer (GrEE)                      Turns: 9580, Time: 00:18:41

Health: -5/45      AC: 11    Str: 11    XL:     9   Next: 78%
Magic:  15/18      EV: 11    Int: 20    God:
Gold:   441        SH:  5    Dex: 10    Spells: 12/20 levels left

rFire   . . .      SeeInvis .   F - +2 dagger (holy)
rCold   . . .      Faith    .   (no shield)
rNeg    + . .      Spirit   .   w - +0 robe {Will+}
rPois   ∞          Reflect  +   v - +0 helmet
rElec   +          Harm     .   g - +1 cloak
rCorr   +          Rampage  .   (no gloves)
Will    +....                   (no boots)
Stlth   ++........              C - amulet of reflection
HPRegen 0.15/turn               o - ring of resist corrosion
MPRegen 0.16/turn               (no ring)

@: marked
A: sickness immunity, AC +6, negative energy resistance 1, electricity
resistance, torment resistance 1, petrification resistance
a: no special abilities


You were on level 7 of the Dungeon.
You visited 1 branch of the dungeon, and saw 7 of its levels.

You collected 441 gold pieces.

Inventory:

Hand Weapons
 F - a +2 dagger of holy wrath (weapon)
Missiles
 c - 61 stones
Armour
 b - a +0 robe
 g - a +1 cloak (worn)
 v - a +0 helmet (worn)
 w - a +0 robe of willpower (worn)
Jewellery
 o - a ring of resist corrosion (left hand)
 C - an amulet of reflection (around neck)
Wands
 k - a wand of paralysis (6)
 q - a wand of digging (5)
 B - a wand of acid (7)
 D - a wand of iceblast (4)
Scrolls
 a - a scroll of teleportation {unknown}
 d - a scroll of enchant weapon {unknown}
 e - a scroll of enchant armour
 i - a scroll of holy word {unknown}
 j - a scroll of blinking {unknown}
 m - a scroll of amnesia {unknown}
 p - a scroll of identify
 r - a scroll of vulnerability {unknown}
 u - a scroll of noise
 x - a scroll of magic mapping {unknown}
 y - a scroll of fog {unknown}
Potions
 h - 2 potions of mutation
 n - a potion of cancellation
 s - 2 potions of brilliance {unknown}
 t - 2 potions of heal wounds
 z - a potion of magic {unknown}
 A - a potion of lignification {unknown}
 E - a potion of flight {unknown}


   Skills:
 - Level 1.5 Dodging
 - Level 2.1 Stealth
 + Level 6.3 Spellcasting
 + Level 7.2 Conjurations
 - Level 3.6 Transmutations
 + Level 10.3 Earth Magic


You had 12 spell levels left.
You knew the following spells:

 Your Spells              Type           Power      Damage    Failure   Level
a - Sandblast             Erth           94%        2d19      1%          1
b - Stone Arrow           Conj/Erth      82%        3d12      1%          3
c - Petrify               Tmut/Erth      34%        N/A       5%          4

Your spell library contained the following spells:

 Spells                   Type           Power      Damage    Failure   Level
 Passwall                 Tmut/Erth      28%        N/A       1%          2
 Slow                     Hex            24%        N/A       10%         1
 Confusing Touch          Hex            6%         N/A       30%         3
 Vampiric Draining        Necr           6%         2d6       30%         3


Dungeon Overview and Level Annotations

Branches:
Dungeon (7/15)             Temple (0/1) D:7

Altars:
Hepliaklqana
Beogh

Shops:
D:3 [   D:6 :

Annotations:
D:2 1 runed translucent door, Crazy Yiuf
D:4 3 runed translucent doors, MirrMurr's ghost, amateur SpEn
D:7 Harold


Innate Abilities, Weirdness & Mutations

You are immune to sickness and miasma.
Your stone body is resilient. (AC +6)
You are immune to poison.
You resist negative energy. (rN+)
You are resistant to electric shocks. (rElec)
You are resistant to unholy torment.
You are immune to petrification.


Message History

The wyvern skeleton bites you!
* * * LOW HITPOINT WARNING * * *
Harold says, "My wife will appreciate not having to wash blood out of my clothes anymore."
You feel better. The wyvern skeleton barely misses you.
The wyvern skeleton bites you!
* * * LOW HITPOINT WARNING * * *
Okay, then.
You feel better. Harold barely misses you. The wyvern skeleton misses you.
Things that are here:
a staff of poison; a +0 shortbow; 10 arrows
Okay, then.
As you read the scroll labelled MEARGH GAORERPH, it crumbles to dust.
You hear a loud clanging noise!
It was a scroll of noise.
The wyvern skeleton bites you!
* * * LOW HITPOINT WARNING * * *
Harold hits you from afar with a +0 glaive.
* * * LOW HITPOINT WARNING * * *
The wyvern skeleton barely misses you.
Things that are here:
a +0 flail; a +0 ring mail; a +0 dagger You see here a +2 hand axe of flaming.
Harold fires a harpoon shot at you. The harpoon shot hits you.
* * * LOW HITPOINT WARNING * * *
You are yanked forward by the harpoon shot.
You see here a +2 hand axe of flaming.
Harold points at you and mumbles some strange words.
A sentinel's mark forms upon you.
It was a potion of heal wounds.
You feel much better.
Harold hits you from afar with a +0 glaive!
Casting: Stone Arrow (safe; 1% risk of failure)
Confirm with . or Enter, or press ? or * to list all spells.
Aiming: Stone Arrow (safe; 1% risk of failure)
Press: ? - help, Shift-Dir - straight line, f/p - Harold
Aim: Harold, wielding a +0 glaive, wearing a +2 scale mail of fire resistance and quivering 5 throwing nets (lightly wounded, 85% to hit)
The stone arrow hits Harold!
Harold is moderately wounded.
Harold hits you from afar with a +0 glaive!!
Ouch! That really hurt!
You die...

#.# #.#
####.##### #.#
#.# ###Z..#
#.###.# #>....#
##...#.# #|#...#
#......# #.#####
#.##.### #.#
#.##.# #Z#
#.##.# #@#####
#.##.# #.)@..#
#.##.# #####.#
#.##.#
#.#########
#.##.##
#.##......#
#.....#
#.##.###########
####..# #.##.#
#..##≈≈ #..#
#.##.#####.....§
#..###
#.##.#.##.......
#....#
#.......#...≈≈..


You could see Harold.

Vanquished Creatures
  Prince Ribbit (D:6)
  Sigmund (D:2)
  Duvessa (D:7)
  An orc warrior (D:7)
  2 ice beasts
  2 sky beasts
  A necrophage (D:5)
  2 ogres
  A centaur (D:7)
  A kobold brigand (D:6)
  A phantom (D:6)
  2 scorpions
  3 bullfrogs
  A wyvern zombie (D:7)
  Dowan (D:7)
  5 wights (D:6)
  A howler monkey (D:5)
  3 hounds
  A centaur zombie (D:7)
  3 orc priests
  2 jellies
  A bullfrog skeleton (D:6)
  Jessica (D:2)
  2 iguanas
  Natasha (thrice) (D:2)
  6 orc wizards
  A hound zombie (D:5)
  A howler monkey zombie (D:5)
  A gnoll (D:3)
  6 adders
  2 white imps
  An ufetubus (D:6)
  An adder skeleton (D:4)
  4 worms
  23 orcs
  5 endoplasms
  11 giant cockroaches
  3 hobgoblins (D:1)
  12 jackals
  4 quokkas
  3 ball pythons
  5 bats
  9 frilled lizards
  4 goblins
  7 kobolds
  5 rats
157 creatures vanquished.

Vanquished Creatures (others)
  2 plants
2 creatures vanquished.

Grand Total: 159 creatures vanquished

Notes
Turn   | Place    | Note
-------+----------+-------------------------------------------
     0 | D:1      | benitares the Gargoyle Earth Elementalist began the quest
                  | for the Orb.
     0 | D:1      | Reached XP level 1. HP: 10/10 MP: 3/3
   182 | D:1      | Reached skill level 1 in Transmutations
   500 | D:1      | Reached XP level 2. HP: 15/15 MP: 5/5
   505 | D:1      | Reached skill level 4 in Earth Magic
  1353 | D:1      | Reached XP level 3. HP: 14/19 MP: 6/6
  1441 | D:1      | Learned a level 3 spell: Stone Arrow
  1695 | D:1      | Found a faded altar of an unknown god.
  2529 | D:2      | Found a runed translucent door.
  2530 | D:2      | Noticed Crazy Yiuf
  2600 | D:2      | Noticed Natasha
  2613 | D:2      | Killed Natasha
  2614 | D:2      | Reached XP level 4. HP: 16/24 MP: 1/7
  2631 | D:2      | Noticed Natasha
  2707 | D:2      | Noticed Sigmund
  2715 | D:2      | Killed Natasha
  2716 | D:2      | Reached skill level 5 in Earth Magic
  2751 | D:2      | Noticed Natasha
  2754 | D:2      | Killed Natasha
  2755 | D:2      | Reached XP level 5. HP: 21/28 MP: 3/8
  3050 | D:2      | Noticed Jessica
  3063 | D:2      | Killed Jessica
  3124 | D:2      | Killed Sigmund
  3125 | D:2      | Reached skill level 6 in Earth Magic
  3125 | D:2      | Reached XP level 6. HP: 11/32 MP: 4/9
  3569 | D:3      | Found a faded altar of an unknown god.
  3569 | D:3      | Found a faded altar of an unknown god.
  3569 | D:3      | Found a faded altar of an unknown god.
  3569 | D:3      | Found a hazy altar of Hepliaklqana.
  3571 | D:3      | Found a faded altar of an unknown god.
  3637 | D:3      | Reached skill level 1 in Conjurations
  4194 | D:3      | Found Hewk's Antique Armour Boutique.
  4481 | D:4      | Learned a level 4 spell: Petrify
  4765 | D:4      | Reached XP level 7. HP: 36/36 MP: 8/10
  4769 | D:4      | Reached skill level 7 in Earth Magic
  4836 | D:4      | Found a runed translucent gate.
  4837 | D:4      | Found a runed translucent gate.
  4838 | D:4      | Found a runed translucent gate.
  4840 | D:4      | Noticed MirrMurr's ghost (amateur SpEn)
  5557 | D:5      | Entered Level 5 of the Dungeon
  5920 | D:5      | Reached XP level 8. HP: 41/41 MP: 10/13
  6584 | D:5      | Reached skill level 8 in Earth Magic
  7199 | D:6      | Reached skill level 5 in Conjurations
  7433 | D:6      | Found Iwnuf's Self-Improvement Boutique.
  7452 | D:6      | Reached skill level 5 in Spellcasting
  7452 | D:6      | Reached skill level 9 in Earth Magic
  7509 | D:6      | Reached XP level 9. HP: 45/45 MP: 14/16
  8239 | D:7      | Noticed Duvessa
  8239 | D:7      | Noticed Dowan
  8239 | D:7      | Noticed Harold
  8339 | D:7      | Noticed Prince Ribbit
  8454 | D:6      | Killed Prince Ribbit
  8740 | D:7      | Reached skill level 10 in Earth Magic
  9294 | D:7      | Killed Dowan
  9299 | D:7      | Killed Duvessa
  9514 | D:7      | Found a staircase to the Ecumenical Temple.
  9567 | D:7      | HP: 2/45 [wyvern skeleton (8)]
  9580 | D:7      | Slain by Harold

Illustrated notes

Levels and vault maps discovered:
D:1:      eino_arrival_druids_welcome, layout_loops_corners,
          ebering_ecumenical_altar_webs, minmay_fountain_box,
          chequers_serial_rivers_micro_c, minmay_worlds_worst_comb
D:2:      layout_rooms, uniq_sigmund, uniq_natasha, uniq_crazy_yiuf_cottage,
          uniq_jessica
D:3:      layout_basic, nicolae_hepliaklqana_ecumenical_no_more, serial_shops,
          shop, minmay_surrounded
D:4:      layout_layer_cave, biasface_ghost_orc_armoury, hangedman_decor_lopped,
          minivault_19, kennysheep_generic_room_9
D:5:      minmay_bubble_buster, layout_basic
D:6:      layout_loops_ring, nicolae_shop_self_help
D:7:      layout_loops_ring, minmay_temple_entry_fiery, uniq_duvessa,
          uniq_harold, uniq_prince_ribbit1

Skill      XL: |  1  2  3  4  5  6  7  8  9 |
---------------+----------------------------+-----
Transmutations | 1 2 3 |  3.6
Earth Magic    | 4 5 6 7 9 10 | 10.3
Conjurations   | 1 3 5 7 |  7.2
Spellcasting   | 3 5 6 |  6.3
Dodging        | |  1.5
Stealth        | |  2.1

Action                   |  1- 3 |  4- 6 |  7- 9 || total
-------------------------+-------+-------+-------++-------
Melee: Unarmed           |   252 |     9 |       ||   261
       Dagger            |       |       |    12 ||    12
 Cast: Sandblast         |    29 |    58 |    69 ||   156
       Stone Arrow       |       |       |    56 ||    56
  Use: Scroll            |       |     5 |     3 ||     8
       Potion            |       |       |     4 ||     4
 Stab: Sleeping          |     6 |       |     1 ||     7
Armor: Robe              |    95 |     8 |    17 ||   120
Dodge: Dodged            |   151 |     5 |    32 ||   188
Block: Other             |       |       |     1 ||     1

Table legend: (Time is in decaauts)
 A = Elapsed time spent in this place.
 B = Non-inter-level travel time spent in this place.
 C = Inter-level travel time spent in this place.
 D = Time resting spent in this place.
 E = Time spent auto-exploring this place.
 F = Levels seen in this place.
 G = Mean time per level.
                   A        B        C        D        E       F      G
               +--------+--------+--------+--------+--------+-----+--------+
         Total |   9590 |   9322 |    268 |    825 |   7288 |   7 | 1370.0 |
       Dungeon |   9590 |   9322 |    268 |    825 |   7288 |   7 | 1370.0 |
               +--------+--------+--------+--------+--------+-----+--------+

Top non-repeatable levels by time:
     D:1: 2418 daAuts
     D:5: 1540 daAuts
     D:6: 1449 daAuts
     D:4: 1247 daAuts
     D:7: 1036 daAuts
     D:2: 978 daAuts
     D:3: 919 daAuts
